 Dungeon Crawl Stone Soup version 0.24.0-37-gcf1ca852f1 (webtiles) character file.

Game seed: 8791194046667170155, levelgen mode: deterministic

405 Iamsoldier the Vandal (level 7, -5/46 HPs)
             Began as a Halfling Hunter on Dec 4, 2019.
             Was an Initiate of Okawaru.
             Killed from afar by an orc wizard (7 damage)
             ... with a magic dart
             ... on level 4 of the Dungeon.
             The game lasted 00:10:38 (5210 turns).

Iamsoldier the Vandal (Halfling Hunter)             Turns: 5210, Time: 00:10:38

Health: -5/46      AC:  5    Str: 13    XL:     7   Next: 12%
Magic:  7/7        EV: 15    Int:  9    God:    Okawaru [......]
Gold:   130        SH:  9    Dex: 17    Spells: 6/6 levels left

rFire    . . .     SeeInvis .   a - +1 hunting sling
rCold    . . .     Gourm    .   q - +0 buckler
rNeg     . . .     Faith    .   c - +0 leather armour
rPois    .         Spirit   .   (no helmet)
rElec    .         Reflect  +   (no cloak)
rCorr    .         Harm     .   (no gloves)
MR       +....                  (no boots)
Stlth    ++........             i - +5 amulet of reflection
HPRegen  0.15/turn              o - ring of protection from magic
MPRegen  0.10/turn              k - +2 ring of protection

@: no status effects
A: small, mutation resistance 1
a: Renounce Religion


You were on level 4 of the Dungeon.
You worshipped Okawaru.
Okawaru was noncommittal.
You were not hungry.

You visited 1 branch of the dungeon, and saw 4 of its levels.

You collected 130 gold pieces.

Inventory:

Hand Weapons
 a - a +1 hunting sling (weapon)
 b - a +0 short sword
Missiles
 d - 25 sling bullets (quivered)
 e - 65 stones
Armour
 c - a +0 leather armour (worn)
 q - a +0 buckler (worn)
Jewellery
 i - a +5 amulet of reflection (around neck)
 k - a +2 ring of protection (right hand)
 o - a ring of protection from magic (left hand)
Scrolls
 h - a scroll of fear {unknown}
 j - 4 scrolls of identify
 l - a scroll of blinking {unknown}
 m - 2 scrolls of enchant weapon {unknown}
 n - 3 scrolls of teleportation {unknown}
 p - a scroll of immolation {unknown}
 s - a scroll of random uselessness {unknown}
 u - 2 scrolls of noise {unknown}
Potions
 g - a potion of resistance
 r - a potion of cancellation {unknown}
Comestibles
 f - 5 rations
 t - 3 chunks of flesh


   Skills:
 + Level 3.5 Fighting
 + Level 3.7 Short Blades
 + Level 7.7 Slings
 + Level 4.2 Dodging
 - Level 1.1 Stealth


You had 6 spell levels left.
You didn't know any spells.
Your spell library contained the following spells:

 Spells                   Type           Power        Failure   Level  Hunger
 Magic Dart               Conj           #...         65%         1    ##.....
 Blink                    Tloc           N/A          78%         2    ###....
 Call Imp                 Summ           #.......     78%         2    ###....
 Slow                     Hex            #.......     78%         2    ###....
 Conjure Flame            Conj/Fire      #.......     95%         3    ####...
 Mephitic Cloud           Conj/Pois/Air  #.......     95%         3    ####...


Dungeon Overview and Level Annotations

Branches:
Dungeon (4/15)
 Temple: D:4-7

Altars:
Elyvilon
Okawaru

Shops:
D:4 %

Annotations:
D:3 1 runed translucent door, Crazy Yiuf


Innate Abilities, Weirdness & Mutations

You are small and have problems with some larger weapons.
You are somewhat resistant to further mutation.


Message History

You shoot a stone.
The stone completely misses the orc wizard.
The orc wizard barely misses you.
Firing (i - inventory. (/) - cycle)
d - 27 sling bullets (quivered)
Press: ? - help, Shift-Dir - straight line, f/p - orc wizard
Aim: an orc wizard, wielding a +0 dagger and wearing a +0 robe (almost dead, fast)
You shoot a sling bullet.
The sling bullet closely misses the orc wizard.
The orc wizard casts a spell at you. The magic dart hits you.
* * * LOW HITPOINT WARNING * * *
Firing (i - inventory. (/) - cycle)
d - 26 sling bullets (quivered)
Press: ? - help, Shift-Dir - straight line, f/p - orc wizard
Aim: an orc wizard, wielding a +0 dagger and wearing a +0 robe (almost dead, fast)
You shoot a sling bullet. The sling bullet hits the orc wizard.
The orc wizard is almost dead.
The orc wizard completely misses you. The orc wizard casts a spell at you.
The magic dart hits you!
You die...

#.# ### #.# #. #.# ..
#.# .# #.# .## #.# .(
#.# (# #.#
###########(##..##
#.####.....@o(.((.(....
#......#############.##
########


You could see an orc wizard.

Vanquished Creatures
  A howler monkey (D:2)
  An orc priest (D:4)
  2 orc wizards (D:3)
  A centaur skeleton (D:4)
  2 worker ants (D:4)
  7 adders
  An ooze (D:3)
  3 worms
  3 dart slugs
  7 leopard geckos
  7 orcs
  A ball python (D:4)
  7 giant cockroaches
  9 hobgoblins
  8 jackals
  2 quokkas (D:3)
  8 bats
  2 frilled lizards
  7 goblins
  8 kobolds
  10 rats
97 creatures vanquished.

Vanquished Creatures (others)
  An orc wizard (D:4)
1 creature vanquished.

Grand Total: 98 creatures vanquished

Notes
Turn   | Place    | Note
-------+----------+-------------------------------------------
     0 | D:1      | Iamsoldier the Halfling Hunter began the quest for the Orb.
     0 | D:1      | Reached XP level 1. HP: 14/14 MP: 1/1
   161 | D:1      | Reached XP level 2. HP: 19/19 MP: 2/2
   171 | D:1      | Reached skill level 6 in Slings
   289 | D:1      | Reached skill level 1 in Short Blades
   795 | D:1      | Reached XP level 3. HP: 12/24 MP: 3/3
  1836 | D:2      | Reached XP level 4. HP: 30/30 MP: 4/4
  2496 | D:2      | Reached XP level 5. HP: 16/35 MP: 5/5
  3218 | D:3      | Found a white marble altar of Elyvilon.
  3375 | D:3      | Reached skill level 7 in Slings
  3733 | D:3      | Reached XP level 6. HP: 40/42 MP: 6/6
  4629 | D:3      | Found a runed translucent door.
  4630 | D:3      | Noticed Crazy Yiuf
  5062 | D:4      | Found Lohiys's Food Boutique.
  5092 | D:4      | Found an iron altar of Okawaru.
  5104 | D:4      | Became a worshipper of Warmaster Okawaru
  5158 | D:4      | Reached XP level 7. HP: 46/46 MP: 7/7
  5209 | D:4      | HP: 2/46 [orc wizard/magic dart (6)]
  5210 | D:4      | Killed from afar by an orc wizard

Levels and vault maps discovered:
D:1:      dpeg_cavernosity, layout_basic
D:2:      layout_basic, minmay_vboxes
D:3:      layout_rooms, elyvilon_altar_1, first_ration, uniq_crazy_yiuf_cottage
D:4:      layout_loops_ring, kennysheep_mini, serial_shops,
          kennysheep_mini_moat, shop, uniq_robin

Skill      XL: |  1  2  3  4  5  6 |
---------------+-------------------+-----
Fighting       | 2 3 |  3.5
Slings         | 6 7 |  7.7
Short Blades   | 1 2 3 |  3.7
Dodging        | 3 4 |  4.2
Stealth        | |  1.1

Action                   |  1- 3 |  4- 6 |  7- 9 || total
-------------------------+-------+-------+-------++-------
Melee: Short sword       |   112 |    98 |       ||   210
 Fire: Hunting sling     |    33 |   159 |    25 ||   217
  Use: Potion            |       |     3 |       ||     3
       Scroll            |       |     1 |       ||     1
 Stab: Sleeping          |     3 |       |       ||     3
  Eat: Chunk             |     3 |    10 |       ||    13
Armor: Leather armour    |    25 |    29 |     1 ||    55
Dodge: Dodged            |   108 |   127 |     7 ||   242
Block: Buckler           |       |    30 |     5 ||    35
       Reflection        |       |     3 |       ||     3
